 Dungeon Crawl Stone Soup version 0.29-a0-757-g358383bc75 (webtiles) character file.

Game seed: 4745896681429127751

126 buhh the Sneak (level 5, -6/35 HPs)
             Began as an Octopode Transmuter on June 30, 2022.
             Was an Initiate of Cheibriados.
             Mangled by a gnoll
             ... wielding a +0 flail
             ... led by a gnoll shaman
              (7 damage)
             ... on level 4 of the Dungeon.
             The game lasted 00:05:28 (3908 turns).

buhh the Sneak (Octopode Transmuter)                Turns: 3908, Time: 00:05:28

Health: -6/35      AC:  1    Str: 11    XL:     5   Next: 10%
Magic:  8/8        EV: 13    Int: 18    God:    Cheibriados [......]
Gold:   149        SH:  0    Dex: 13    Spells: 2/8 levels left

rFire   . . .      SeeInvis .     - Unarmed
rCold   . . .      Faith    .   (no shield)
rNeg    . . .      Spirit   .   (helmet restricted)
rPois   .          Reflect  .   (no amulet)
rElec   .          Harm     .   (no ring)
rCorr   .          Rampage  .   (no ring)
Will    .....                   (no ring)
Stlth   +++.......              (no ring)
HPRegen 0.11/turn               (no ring)
MPRegen 0.11/turn               (no ring)
                                (no ring)
                                (no ring)

@: very slow
A: almost no armour, amphibious, 8 rings, camouflage 1, gelatinous body 1,
(nimble swimmer 1), tentacles
a: Renounce Religion


You were on level 4 of the Dungeon.
You worshipped Cheibriados.
Cheibriados was noncommittal.
You visited 1 branch of the dungeon, and saw 4 of its levels.

You collected 149 gold pieces.

Inventory:

Missiles
 a - 7 boomerangs
Magical Staves
 f - a staff of poison
Scrolls
 e - a scroll of fog {unknown}
 i - a scroll of teleportation {unknown}
 j - a scroll of blinking {unknown}
 k - a scroll of enchant weapon {unknown}
 m - a scroll of poison {unknown}
 n - a scroll of torment {unknown}
 P - a scroll of magic mapping {!r!d}
 T - a scroll of immolation {!d}
 X - a scroll of amnesia
Potions
 h - a potion of berserk rage {!q}
 N - 2 potions of curing {!q!d}


   Skills:
 + Level 2.7 Fighting
 - Level 2.0 Dodging
 - Level 4.0 Stealth
 * Level 3.9 Unarmed Combat
 - Level 2.0 Spellcasting
 - Level 2.0 Transmutations


You had 2 spell levels left.
You knew the following spells:

 Your Spells              Type           Power      Damage    Failure   Level
a - Beastly Appendage     Tmut           18%        N/A       8%          1
b - Wereblood             Tmut           9%         N/A       12%         2
c - Spider Form           Tmut/Pois      5%         N/A       34%         3

Your spell library contained the following spells:

 Spells                   Type           Power      Damage    Failure   Level
 Ice Form                 Ice/Tmut       5%         N/A       75%         4
 Necromutation            Tmut/Necr      2%         N/A       100%        8


Dungeon Overview and Level Annotations

Branches:
Dungeon (4/15) Zot: 30390
 Temple: D:4-7

Altars:
Cheibriados
Dithmenos
Gozag
Okawaru
Qazlal

Shops:
D:2 =

Annotations:
D:4 Blork the orc, Ijyb


Innate Abilities, Weirdness & Mutations

You cannot wear most types of armour.
You are amphibious.
You can wear up to eight rings at the same time.
Your skin changes colour to match your surroundings (Stealth+).
Your rubbery body absorbs attacks. (AC +1, EV +1)
((You are camouflaged when in or above water. (Stealth+)))
You have tentacles for arms and can constrict up to eight enemies at once.


Message History

The gnoll shaman calls down the wrath of its god upon you.
You are outlined in light.
Your tentacle spike disappears.
A gnoll comes into view. It is wielding a +0 halberd.
A gnoll comes into view. It is wielding a +0 whip.
You see here a +0 club.
The gnoll shaman calls upon its god to speed up the gnoll.
The gnoll seems to speed up.
You see here a +0 long sword.
The gnoll closely misses you.
The gnoll shaman calls upon its god to speed up the gnoll.
The gnoll seems to speed up.
The endoplasm quivers.
The gnoll is no longer moving quickly.
The gnoll closely misses you.
An endoplasm comes into view.
The gnoll barely misses you. The gnoll attacks as you move away!
The gnoll hits you with a +0 flail! The gnoll misses you.
The gnoll hits you from afar with a +0 halberd.
The gnoll barely misses you.
The gnoll hits you from afar with a +0 halberd.
The gnoll closely misses you.
You see here a +0 leather armour.
The gnoll attacks as you move away! The gnoll closely misses you.
You are no longer glowing.
The gnoll hits you from afar with a +0 halberd.
The gnoll hits you with a +0 flail. The gnoll attacks as you move away!
The gnoll closely misses you. The gnoll misses you.
The gnoll attacks as you move away! The gnoll barely misses you.
The gnoll hits you from afar with a +0 spear.
The gnoll misses you.
The gnoll hits you from afar with a +0 spear!
* * * LOW HITPOINT WARNING * * *
The gnoll barely misses you.
You see here a ball python corpse.
The gnoll hits you from afar with a +0 spear.
* * * LOW HITPOINT WARNING * * *
The gnoll completely misses you. The gnoll hits you with a +0 flail!
You die...

################
.gg.g...........
########...#############
#...##...@......#
#..J##..g†......#
######.).##..gg......#
..........##....†.....#
#######.)g##...g......###
#...##.............
#...##...g.......#.
##..#####J##.....#
##.gg.......#####


You could see a gnoll shaman, 4 gnolls and an endoplasm.

Vanquished Creatures
  2 orc wizards (D:3)
  An adder (D:2)
  A worm (D:4)
  5 dart slugs
  2 orcs (D:3)
  4 endoplasms
  A giant cockroach (D:2)
  4 hobgoblins
  6 jackals
  6 ball pythons
  3 bats
  4 frilled lizards
  6 goblins
  4 kobolds
  8 rats
57 creatures vanquished.

Notes
Turn   | Place    | Note
-------+----------+-------------------------------------------
     0 | D:1      | buhh the Octopode Transmuter began the quest for the Orb.
     0 | D:1      | Reached XP level 1. HP: 13/13 MP: 3/3
    77 | D:1      | Reached skill level 1 in Stealth
   299 | D:1      | Reached XP level 2. HP: 15/18 MP: 3/5
   301 | D:1      | Reached skill level 2 in Stealth
   643 | D:1      | Got the Reference Book on Shifting Intoxication
  1142 | D:1      | Reached skill level 3 in Stealth
  1443 | D:2      | Reached XP level 3. HP: 24/24 MP: 4/6
  2238 | D:2      | Found Ixtoev's Jewellery Shop.
  2726 | D:3      | Reached skill level 4 in Stealth
  2775 | D:3      | Reached XP level 4. HP: 27/29 MP: 7/7
  3063 | D:3      | Found an iron altar of Okawaru.
  3065 | D:3      | Found an opulent altar of Gozag.
  3066 | D:3      | Found a shadowy altar of Dithmenos.
  3066 | D:3      | Found a snail-covered altar of Cheibriados.
  3070 | D:3      | Found a stormy altar of Qazlal.
  3074 | D:3      | Became a worshipper of Cheibriados the Contemplative
  3119 | D:3      | Found a faded altar of an unknown god.
  3285 | D:3      | Learned a level 2 spell: Wereblood
  3289 | D:3      | Learned a level 3 spell: Spider Form
  3314 | D:3      | Reached XP level 5. HP: 31/35 MP: 6/8
  3705 | D:4      | Noticed Blork the orc
  3835 | D:4      | Noticed Ijyb
  3908 | D:4      | HP: 1/35 [gnoll/+0 spear[a gnoll shaman] (4)]
  3908 | D:4      | Mangled by a gnoll

Illustrated notes

Levels and vault maps discovered:
D:1:      sevenhm_arrival_forest_fort_large_2, layout_loops_cross
D:2:      layout_basic, serial_shops, nicolae_shop_behind_doors, feat_on_display
D:3:      layout_loops_ring, minitemple, dreamdust_ecumenical_altar_statues
D:4:      layout_basic, nicolae_overflow_crystal_walls, grunt_decor_resistance,
          uniq_sigmund, uniq_ijyb, uniq_blork_the_orc

Skill      XL: |  1  2  3 |
---------------+----------+-----
Stealth        | 1 3 4 |  4.0
Fighting       | 2 |  2.7
Dodging        | |  2.0
Unarmed Combat | |  3.9
Spellcasting   | |  2.0
Transmutations | |  2.0

Action                   |  1- 3 |  4- 6 || total
-------------------------+-------+-------++-------
Melee: Unarmed           |    71 |    39 ||   110
       Tentacles         |    16 |     7 ||    23
       Constrict         |    23 |     6 ||    29
       Kick              |    17 |     9 ||    26
 Cast: Beastly Appendage |    31 |    17 ||    48
  Use: Potion            |       |     2 ||     2
       Scroll            |       |     5 ||     5
 Stab: Sleeping          |    12 |     2 ||    14
Armor: Skin              |     3 |     3 ||     6
Dodge: Dodged            |    27 |    27 ||    54

Table legend: (Time is in decaauts)
 A = Elapsed time spent in this place.
 B = Non-inter-level travel time spent in this place.
 C = Inter-level travel time spent in this place.
 D = Time resting spent in this place.
 E = Time spent auto-exploring this place.
 F = Levels seen in this place.
 G = Mean time per level.
                   A        B        C        D        E       F      G
               +--------+--------+--------+--------+--------+-----+--------+
         Total |   4074 |   3824 |    250 |    206 |   3103 |   4 | 1018.5 |
       Dungeon |   4074 |   3824 |    250 |    206 |   3103 |   4 | 1018.5 |
               +--------+--------+--------+--------+--------+-----+--------+

Top non-repeatable levels by time:
     D:1: 1426 daAuts
     D:3: 1317 daAuts
     D:2: 1153 daAuts
     D:4: 176 daAuts
